 Dungeon Crawl Stone Soup version 0.31-a0-18-gea43df2a32 (webtiles) character file.

Game seed: 8226095008186708318

5528 larpak the Blocker (level 10, -8/91 HPs)
             Began as a Minotaur Fighter on May 12, 2023.
             Was an Elder of Okawaru.
             Mangled by a two-headed ogre
             ... wielding a +0 giant club
              (23 damage)
             ... on level 9 of the Dungeon.
             The game lasted 00:12:06 (8503 turns).

larpak the Blocker (Minotaur Fighter)               Turns: 8503, Time: 00:12:06

Health: -8/91      AC: 13    Str: 24    XL:     10   Next: 43%
Magic:  9/9        EV: 12    Int:  5    God:    Okawaru [****..]
Gold:   581        SH:  6    Dex: 11    Spells: 9/9 levels left

rFire   . . .        t - +2 hand axe (heavy)
rCold   . . .        c - +0 buckler
rNeg    + . .        b - +0 scale mail
rPois   +            (helmet restricted)
rElec   .            k - +1 cloak
rCorr   .            (no gloves)
SInv    .            o - +1 pair of boots
Will    .....        (no amulet) Stlth
                     e - ring of poison resistance
HPRegen 0.35/turn    n - ring of positive energy
MPRegen 0.11/turn

%: no passive effects
@: no status effects
A: horns 2, retaliatory headbutt
a: Renounce Religion, Heroism, Finesse


You were on level 9 of the Dungeon.
You worshipped Okawaru.
Okawaru was greatly pleased with you.
You visited 2 branches of the dungeon, and saw 10 of its levels.

You collected 581 gold pieces.

Inventory:

Hand Weapons
 a - a +1 war axe
 t - a +2 heavy hand axe (weapon)
 x - a +1 broad axe of flaming
Armour
 b - a +0 scale mail (worn)
 c - a +0 buckler (worn)
 k - a +1 cloak (worn)
 o - a +1 pair of boots (worn)
Jewellery
 e - a ring of poison resistance (left hand)
 n - a ring of positive energy (right hand)
Wands
 y - a wand of mindburst (15)
 A - a wand of iceblast (2)
 B - a wand of quicksilver (3)
 C - a wand of polymorph (9)
Scrolls
 i - 3 scrolls of fear
 q - a scroll of magic mapping
 r - 4 scrolls of poison
 s - 2 scrolls of teleportation
 v - 2 scrolls of fog
Potions
 f - a potion of heal wounds {unknown}
 g - 3 potions of curing
 h - a potion of ambrosia
 j - a potion of invisibility
 l - a potion of cancellation
 m - a potion of degeneration {unknown}
 p - 3 potions of flight {unknown}
 u - a potion of brilliance {unknown}
 w - 2 potions of haste {unknown}
 z - a potion of berserk rage
 D - a potion of attraction {unknown}


   Skills:
 + Level 9.1 Fighting
 + Level 8.8 Axes
 + Level 9.1 Armour
 + Level 7.6 Dodging
 + Level 9.2 Shields


You had 9 spell levels left.
You didn't know any spells.
Your spell library contained the following spells:

 Spells                   Type           Power      Damage    Failure   Level
 Sandblast                Erth           0%         2d4       78%         1
 Passwall                 Tmut/Erth      0%         N/A       89%         2
 Sublimation of Blood     Necr           0%         N/A       89%         2
 Wereblood                Tmut           0%         N/A       89%         2
 Portal Projectile        Hex/Tloc       0%         N/A       98%         3
 Stone Arrow              Conj/Erth      0%         3d7       98%         3
 Blade Hands              Tmut           0%         N/A       100%        5
 Lehudib's Crystal Spear  Conj/Erth      0%         10d2      100%        8
 Tukima's Dance           Hex            Unusable   N/A       N/A         3
 Animate Armour           Summ/Erth      Unusable   N/A       N/A         4
 Summon Hydra             Summ           Unusable   N/A       N/A         7

Dungeon Overview and Level Annotations

Branches:
Dungeon (9/15)             Temple (1/1) D:5            Lair (0/5) D:8
    Orc: D:9-12

Altars:
Ashenzari
Cheibriados
Dithmenos
Elyvilon
Fedhas
Gozag
Hepliaklqana
Nemelex Xobeh
Okawaru
Qazlal
Ru
Sif Muna
Trog
Uskayaw
Vehumet
Wu Jian
Xom
Zin
The Shining One

Shops:
D:7 *


Innate Abilities, Weirdness & Mutations

You have a pair of horns on your head.
You reflexively headbutt those who attack you in melee.


Message History

The two-headed ogre hits you with a +0 giant club!
The two-headed ogre closely misses you.
You slash the two-headed ogre!
The two-headed ogre is heavily wounded.
The two-headed ogre hits you with a +0 giant club!!
The two-headed ogre closely misses you.
You slice the two-headed ogre!!
The two-headed ogre is severely wounded.
The two-headed ogre barely misses you. You block the two-headed ogre's attack.
You hit the two-headed ogre.
Your headbutt misses the two-headed ogre.
The two-headed ogre is severely wounded.
The two-headed ogre hits you with a +0 giant club.
The two-headed ogre hits you with a +0 giant club!
You are too injured to fight recklessly!
You are too injured to fight recklessly!
You are too injured to fight recklessly!
You are too injured to fight recklessly!
You completely miss the two-headed ogre.
The two-headed ogre is severely wounded.
The two-headed ogre closely misses you. You furiously retaliate!
You headbutt the two-headed ogre.
The two-headed ogre hits you with a +0 giant club!
Unknown command.
You barely miss the two-headed ogre.
The two-headed ogre is almost dead.
You block the two-headed ogre's attack. x2
Unknown command.
You slash the two-headed ogre!
The two-headed ogre is almost dead.
The two-headed ogre hits you with a +0 giant club!
* * * LOW HITPOINT WARNING * * *
You block the two-headed ogre's attack.
Unknown command.
You barely miss the two-headed ogre.
The two-headed ogre is almost dead.
The two-headed ogre hits you with a +0 giant club.
* * * LOW HITPOINT WARNING * * *
The two-headed ogre hits you with a +0 giant club!!
You die...

+....# #....#
#....# #....#
#....### #....#.##
#####....#..##
.........@O..#
.........#....#
.........#.....#
...#####.##.....#
######.....# #.....
.......)##.#####+##
#####...##.......(.
#...###......<.
#...###........


You could see a two-headed ogre.

Vanquished Creatures
  An ugly thing (D:8)
  A deep elf pyromancer (D:8)
  Grinder (D:5)
  2 hornets
  Eustachio (D:6)
  2 steam dragons
  2 orc warriors
  2 water moccasins
  An ogre (D:7)
  2 centaurs
  4 kobold brigands
  A phantom (D:5)
  5 scorpions
  11 wights
  10 killer bees
  3 howler monkeys (D:7)
  A jelly (D:6)
  An iron imp (D:8)
  Crazy Yiuf (D:2)
  3 hounds
  7 orc priests
  A gnoll bouda (D:6)
  7 iguanas
  Terence (D:2)
  2 sleepcaps
  12 orc wizards
  10 adders
  14 gnolls
  2 shadow imps (D:8)
  A white imp (D:7)
  An ufetubus (D:6)
  2 worms
  3 dart slugs
  27 orcs
  11 ball pythons
  10 endoplasms
  6 giant cockroaches
  9 goblins
  11 hobgoblins
  8 jackals (D:1)
  10 quokkas
  4 bats
  3 frilled lizards
  17 kobolds
  7 rats
241 creatures vanquished.

Vanquished Creatures (others)
  A white imp (D:8)
1 creature vanquished.

Grand Total: 242 creatures vanquished

Notes
Turn   | Place    | Note
-------+----------+-------------------------------------------
     0 | D:1      | larpak the Minotaur Fighter began the quest for the Orb.
     0 | D:1      | Reached XP level 1. HP: 19/19 MP: 0/0
   177 | D:1      | Reached XP level 2. HP: 27/27 MP: 1/1
   275 | D:1      | Reached skill level 1 in Dodging
   419 | D:1      | Reached XP level 3. HP: 32/33 MP: 2/2
   990 | D:2      | Noticed Terence
   997 | D:2      | Killed Terence
   998 | D:2      | Reached XP level 4. HP: 30/40 MP: 3/3
  1302 | D:2      | Found a faded altar of an unknown god.
  1365 | D:2      | Found a runed translucent door.
  1366 | D:2      | Noticed Crazy Yiuf
  1375 | D:2      | Killed Crazy Yiuf
  1634 | D:2      | Reached XP level 5. HP: 47/47 MP: 4/4
  2172 | D:3      | Found a sacrificial altar of Ru.
  2798 | D:4      | Reached XP level 6. HP: 52/55 MP: 5/5
  2864 | D:4      | Reached skill level 5 in Shields
  3027 | D:4      | Noticed an orc warrior
  3032 | D:4      | Reached skill level 5 in Fighting
  3032 | D:4      | Reached skill level 5 in Armour
  3035 | D:4      | Killed an orc warrior
  3260 | D:4      | Found a stormy altar of Qazlal.
  3434 | D:4      | Reached XP level 7. HP: 54/61 MP: 6/6
  3807 | D:5      | Entered Level 5 of the Dungeon
  3819 | D:5      | Reached skill level 5 in Axes
  3935 | D:5      | Found a staircase to the Ecumenical Temple.
  3941 | Temple   | Entered the Ecumenical Temple
  4161 | Temple   | Became a worshipper of Warmaster Okawaru
  4248 | D:5      | Found an opulent altar of Gozag.
  4319 | D:5      | Noticed Grinder
  4328 | D:5      | Paralysed by Grinder for 5 turns
  4341 | D:5      | Paralysed by Grinder for 2 turns
  4342 | D:5      | Killed Grinder
  4343 | D:5      | Reached XP level 8. HP: 45/70 MP: 7/7
  4578 | D:5      | Reached * piety under Okawaru
  4987 | D:6      | Reached skill level 5 in Dodging
  5201 | D:6      | Identified a scroll of acquirement
  5201 | D:6      | Acquired a +1 broad axe of flaming
  5238 | D:6      | Noticed Eustachio
  5260 | D:6      | Killed Eustachio
  5260 | D:6      | Reached ** piety under Okawaru
  5450 | D:6      | Reached XP level 9. HP: 79/79 MP: 8/8
  6082 | D:7      | Reached *** piety under Okawaru
  6617 | D:7      | Found Jolonlof's Lightly-Used Armoury.
  7105 | D:8      | Found a staircase to the Lair.
  7278 | D:8      | Found a snail-covered altar of Cheibriados.
  7504 | D:8      | Reached XP level 10. HP: 79/90 MP: 9/9
  7718 | D:8      | Noticed a purple ugly thing
  7718 | D:8      | Noticed a deep elf pyromancer
  7728 | D:8      | Killed a purple ugly thing
  7728 | D:8      | Reached **** piety under Okawaru
  7731 | D:8      | Killed a deep elf pyromancer
  8494 | D:9      | Noticed a two-headed ogre
  8503 | D:9      | Mangled by a two-headed ogre

Illustrated notes

Levels and vault maps discovered:
D:1:      dpeg_arrival_prison, layout_loops_ring
D:2:      layout_loops_ring, ebering_ecumenical_altar_rust, serial_glass,
          glass_columns_a, glass_columns_b, nicolae_grassy_gnolls,
          uniq_crazy_yiuf_cottage, uniq_terence
D:3:      minmay_spotlight, layout_loops_cross, mainiacjoe_overflow_boulevard,
          grunt_ministairs_12, st_stairs_12, ebering_dispersal_statue_hall,
          minmay_guardbox
D:4:      layout_gridville, amcnicky_altar_gilded,
          minmay_misc_feat_secret_circle
D:5:      layout_gridville, mainiacjoe_overflow_tiny_flanked,
          minmay_temple_entry_hall, uniq_grinder
D:6:      layout_gridville, uniq_eustachio
D:7:      layout_basic, serial_co_window_serial, co_window_paths_a,
          co_window_of_opportunity_a, co_window_corner_a, co_window_corner_a,
          co_window_paths_b, co_window_of_opportunity_b, co_window_broadway_a,
          co_window_unsneaky_path_c, co_window_paths_c, co_window_corner_ca,
          co_window_of_opportunity_c, co_window_4corner_b, glass_columns_a,
          glass_columns_c, glass_columns_a, glass_columns_a, glass_columns_a,
          minmay_shop_damaged, hangedman_decor_points
D:8:      kennysheep_blocky_room, layout_layer_cave, slow_altar_1,
          dpeg_oklobed_lair
D:9:      layout_stronghold, marbit_many_paths, mainiacjoe_overflow_brackets,
          serial_shops, shop, minmay_quadrilaterals
Temple:   regret_index_temple_generic_petals

Skill      XL: |  1  2  3  4  5  6  7  8  9 10 |
---------------+-------------------------------+-----
Dodging        | 1 2 3 4 5 7 |  7.6
Shields        | 4 5 6 7 8 9 |  9.2
Armour         | 4 5 6 7 8 9 |  9.1
Fighting       | 4 5 6 7 8 9 |  9.1
Axes           | 3 4 5 6 8 |  8.8

Action                     |  1- 3 |  4- 6 |  7- 9 | 10-12 || total
---------------------------+-------+-------+-------+-------++-------
  Melee: War axe           |    88 |   161 |    44 |       ||   293
         Headbutt          |     6 |    16 |    41 |     4 ||    67
         Hand axe          |       |       |   195 |    59 ||   254
    Use: Scroll            |     4 |     9 |     5 |     1 ||    19
         Potion            |       |     2 |     1 |     2 ||     5
   Stab: Invisible         |       |       |       |     3 ||     3
 Armour: Scale mail        |    45 |    96 |   114 |    51 ||   306
  Dodge: Dodged            |    42 |    74 |   179 |    54 ||   349
  Block: Buckler           |    14 |    37 |    71 |    19 ||   141

Table legend: (Time is in decaauts)
 A = Elapsed time spent in this place.
 B = Non-inter-level travel time spent in this place.
 C = Inter-level travel time spent in this place.
 D = Time resting spent in this place.
 E = Time spent auto-exploring this place.
 F = Levels seen in this place.
 G = Mean time per level.
                   A        B        C        D        E       F      G
               +--------+--------+--------+--------+--------+-----+--------+
         Total |   8735 |   8358 |    377 |     36 |   6890 |  10 |  873.5 |
       Dungeon |   8485 |   8137 |    348 |     36 |   6677 |   9 |  942.8 |
        Temple |    249 |    220 |     29 |      0 |    213 |   1 |  249.0 |
               +--------+--------+--------+--------+--------+-----+--------+

Top non-repeatable levels by time:
     D:8: 1513 daAuts
     D:7: 1240 daAuts
     D:2: 1162 daAuts
     D:4: 1033 daAuts
     D:5: 962 daAuts
     D:1: 866 daAuts
     D:3: 850 daAuts
     D:6: 740 daAuts
  Temple: 249 daAuts
     D:9: 115 daAuts
